 Dungeon Crawl Stone Soup version 0.27.1-35-g4d5d836560 (webtiles) character file.

Game seed: 7132514590863488950

200 Delamore the Sneak (level 5, 0/34 HPs)
             Began as an Octopode Brigand on May 15, 2022.
             Slain by a gnoll sergeant (2 damage)
             ... on level 4 of the Dungeon.
             The game lasted 00:03:19 (3234 turns).

Delamore the Sneak (Octopode Brigand)               Turns: 3234, Time: 00:03:19

Health: 0/34       AC:  1    Str: 11    XL:     5   Next: 79%
Magic:  5/5        EV: 12    Int: 13    God:
Gold:   172        SH:  0    Dex: 14    Spells: 4/4 levels left

rFire    . . .     SeeInvis .   a - +2 dagger
rCold    . . .     Faith    .   (no shield)
rNeg     . . .     Spirit   .   (helmet restricted)
rPois    .         Reflect  .   (no amulet)
rElec    .         Harm     .   (no ring)
rCorr    .         Rampage  .   (no ring)
Will     .....                  (no ring)
Stlth    ++++......             (no ring)
HPRegen  0.11/turn              (no ring)
MPRegen  0.09/turn              (no ring)
                                (no ring)
                                (no ring)

@: no status effects
A: almost no armour, amphibious, 8 rings, camouflage 1, gelatinous body 1,
(nimble swimmer 1), tentacles
a: no special abilities


You were on level 4 of the Dungeon.
You visited 1 branch of the dungeon, and saw 4 of its levels.

You collected 172 gold pieces.

Inventory:

Hand Weapons
 a - a +2 dagger (weapon)
 s - a +0 rapier
Missiles
 q - 2 poisoned darts (quivered)
Jewellery
 b - an amulet of the acrobat
Wands
 n - a wand of mindburst (8)
Scrolls
 d - a scroll of holy word
 e - 2 scrolls of magic mapping {unknown}
 f - a scroll of teleportation {unknown}
 i - a scroll of identify {unknown}
 j - a scroll of enchant weapon {unknown}
 l - 3 scrolls of fear
 m - 3 scrolls of amnesia
 o - a scroll of acquirement {unknown}
Potions
 g - a potion of heal wounds
 h - a potion of resistance {unknown}
 k - a potion of haste {unknown}
 p - a potion of might {unknown}
 r - a potion of ambrosia {unknown}


   Skills:
 - Level 2.0 Fighting
 * Level 4.9 Short Blades
 + Level 2.9 Throwing
 - Level 1.0 Dodging
 - Level 6.2 Stealth


You had 4 spell levels left.
You didn't know any spells.
Your spell library contained the following spells:

 Spells                   Type           Power      Damage    Failure   Level
 Call Canine Familiar     Summ           0%         N/A       67%         3
 Gell's Gravitas          Tloc           0%         N/A       67%         3
 Ignite Poison            Fire/Tmut/Pois 0%         N/A       67%         3
 Lesser Beckoning         Tloc           0%         N/A       67%         3
 Mephitic Cloud           Conj/Pois/Air  0%         N/A       67%         3
 Portal Projectile        Hex/Tloc       0%         N/A       67%         3
 Teleport Other           Tloc           0%         N/A       67%         3
 Fulminant Prism          Conj/Hex       0%         3d6       97%         4
 Iskenderun's Mystic Bla  Conj/Tloc      0%         2d3       97%         4
 Leda's Liquefaction      Hex/Erth       0%         N/A       97%         4
 Summon Ice Beast         Ice/Summ       0%         N/A       97%         4
 Bolt of Magma            Conj/Fire/Erth 0%         4d4       100%        5
 Lee's Rapid Deconstruct  Erth           0%         3d5*      100%        5
 Summon Mana Viper        Hex/Summ       0%         N/A       100%        5
 Dispersal                Tloc           0%         N/A       100%        6
 Monstrous Menagerie      Summ           0%         N/A       100%        7


Dungeon Overview and Level Annotations

Branches:
Dungeon (4/15)
 Temple: D:4-7

Altars:

Shops:
D:3 (


Innate Abilities, Weirdness & Mutations

You cannot wear most types of armour.
You are amphibious.
You can wear up to eight rings at the same time.
Your skin changes colour to match your surroundings (Stealth+).
Your rubbery body absorbs attacks. (AC +1, EV +1)
((You are camouflaged near water. (Stealth+)))
You have tentacles for arms and can constrict up to eight enemies at once.


Message History

You hit the gnoll but do no damage. Your grab misses the gnoll.
The gnoll is lightly wounded.
The gnoll looks more healthy.
The gnoll closely misses you.
You hit the gnoll. You grab the gnoll.
The gnoll is moderately wounded.
You constrict the gnoll, but do no damage.
You hit the gnoll. You squeeze the gnoll.
The gnoll is almost dead.
You constrict the gnoll.
You kill the gnoll!
The gnoll sergeant completely misses you.
The gnoll sergeant hits you with a +1 spear of freezing!
The gnoll sergeant freezes you.
There is a stone staircase leading up here.
You barely miss the gnoll sergeant. You grab the gnoll sergeant.
You squeeze the gnoll sergeant, but do no damage.
The gnoll sergeant is lightly wounded.
You constrict the gnoll sergeant, but do no damage.
You hit the gnoll sergeant but do no damage.
You squeeze the gnoll sergeant, but do no damage.
The gnoll sergeant is lightly wounded.
You constrict the gnoll sergeant, but do no damage.
The gnoll sergeant barely misses you.
You hit the gnoll sergeant but do no damage.
The gnoll sergeant is lightly wounded.
You constrict the gnoll sergeant, but do no damage.
The gnoll sergeant barely misses you.
You hit the gnoll sergeant but do no damage.
The gnoll sergeant is lightly wounded.
You constrict the gnoll sergeant.
The gnoll sergeant hits you with a +1 spear of freezing!
* * * LOW HITPOINT WARNING * * *
The gnoll sergeant freezes you.
* * * LOW HITPOINT WARNING * * *
There are monsters nearby!
You release your grip on the gnoll sergeant.
The gnoll sergeant hits you from afar with a +1 spear of freezing.
* * * LOW HITPOINT WARNING * * *
The gnoll sergeant freezes you.
You die...

...#.#.....# #.##.##.#..# ##.#.
...#.......# #.##.##J#..# #.#.
...........# ###g##.##.#..# #.#.
....................##.#..# #.#.
#..........#####.#####.#..# #.#
...####...................# #.#
##... .#...#...(g......#.#####.##
###.## ...#...(<.........(......
###+###...#....@.....###.####...
#.....#...#..........'..........
#.....#...#......)...###.####.##
#.....#..................# #.##
#.......#.........######## #.##
##.................#########.#.##
.'..............##...........#.##
##.............. #.##......#)#.#
#.............. #.##......# #.#


You could see a gnoll sergeant and a gnoll (wandering).

Vanquished Creatures
  A scorpion (D:4)
  Crazy Yiuf (D:3)
  3 gnolls
  2 worms (D:2)
  4 dart slugs
  4 orcs (D:4)
  5 ball pythons
  7 bats
  4 endoplasms
  3 giant cockroaches (D:1)
  9 goblins
  5 hobgoblins
  7 kobolds
  3 quokkas
  2 frilled lizards
  6 rats
66 creatures vanquished.

Notes
Turn   | Place    | Note
-------+----------+-------------------------------------------
     0 | D:1      | Delamore the Octopode Brigand began the quest for the Orb.
     0 | D:1      | Reached XP level 1. HP: 14/14 MP: 1/1
    69 | D:1      | Reached XP level 2. HP: 19/19 MP: 2/2
   311 | D:1      | Reached XP level 3. HP: 24/24 MP: 3/3
   326 | D:1      | Found a faded altar of an unknown god.
   719 | D:1      | Reached skill level 6 in Stealth
   918 | D:2      | Reached XP level 4. HP: 25/29 MP: 4/4
  1677 | D:3      | Found a runed translucent door.
  1678 | D:3      | Noticed Crazy Yiuf
  1759 | D:3      | Found Cycwiagg's Antique Weapon Shop.
  2005 | D:3      | Killed Crazy Yiuf
  2589 | D:4      | Reached XP level 5. HP: 24/34 MP: 5/5
  3234 | D:4      | Slain by a gnoll sergeant

Illustrated notes

Levels and vault maps discovered:
D:1:      erik_arrival_cave_to_civilisation [erik_arrival_cave_to_hall],
          layout_basic, chequers_ecumenical_altar_island
D:2:      layout_rooms
D:3:      layout_rooms, serial_shops, nicolae_shop_crystal, grunt_ministairs_12,
          kennysheep_boxes, uniq_crazy_yiuf_cottage
D:4:      layout_basic, minmay_misc_feat_roman

Skill      XL: |  1  2  3  4 |
---------------+-------------+-----
Short Blades   | 3 4 |  4.9
Stealth        | 6 |  6.2
Fighting       | |  2.0
Throwing       | |  2.9
Dodging        | |  1.0

Action                   |  1- 3 |  4- 6 || total
-------------------------+-------+-------++-------
Melee: Dagger            |    46 |    67 ||   113
       Constrict         |    10 |    14 ||    24
       Tentacles         |     7 |    11 ||    18
Throw: Dart              |       |    19 ||    19
  Use: Scroll            |     1 |     2 ||     3
       Potion            |       |     1 ||     1
 Stab: Sleeping          |    17 |    10 ||    27
       Distracted        |       |     1 ||     1
Armor: Skin              |     3 |     6 ||     9
Dodge: Dodged            |    14 |    16 ||    30
